 Dungeon Crawl Stone Soup version 0.28-a0-938-gbc3f381ebc (webtiles) character file.

Game seed: 14283388056328866295

1526 croobank the Protected (level 9, 0/64 (65) HPs)
             Began as a Human Monk on Nov 28, 2021.
             Was an Elder of Nemelex Xobeh.
             Succumbed to a water moccasin's poison
             ... on level 6 of the Dungeon.
             The game lasted 00:38:23 (5887 turns).

croobank the Protected (Human Monk)                 Turns: 5887, Time: 00:38:24

HP:   0/64 (65)     AC: 28    Str: 17    XL:     9   Next: 10%
MP:   9/9           EV:  7    Int: 11    God:    Nemelex Xobeh [****..]
Gold: 162           SH:  0    Dex: 16    Spells: 8/8 levels left

rFire   + . .      SeeInvis .   a - +2 hand axe
rCold   . . .      Faith    .   (no shield)
rNeg    . . .      Spirit   .   m - +7 plate armour of the Other Side {rF+ rCorr Str+3}
rPois   .          Reflect  .   (no helmet)
rElec   .          Harm     .   (no cloak)
rCorr   +          Rampage  .   t - +0 pair of gloves
Will    .....                   r - +0 pair of boots
Stlth   ..........              (no amulet)
HPRegen 0.20/turn               s - +4 ring of protection
MPRegen 0.11/turn               (no ring)

@: lethally poisoned (0 -> -3), studying Spellcasting, lightly drained
A: no striking features
a: Renounce Religion, Draw Escape, Draw Destruction, Draw Summoning, Triple
Draw, Deal Four


You were on level 6 of the Dungeon.
You worshipped Nemelex Xobeh.
Nemelex Xobeh was greatly pleased with you.
You visited 1 branch of the dungeon, and saw 5 of its levels.

You collected 198 gold pieces.
You spent 36 gold pieces at shops.

Inventory:

Hand Weapons
 a - a +2 hand axe (weapon)
 d - a +0 long sword
 g - a +0 short sword
 h - a +0 halberd
 k - a +0 falchion
 p - a +0 hunting sling
Missiles
 b - 104 stones (quivered)
 c - 31 bolts
 i - 32 sling bullets
Armour
 l - +0 swamp dragon scales
 m - the +7 plate armour of the Other Side (worn) {rF+ rCorr Str+3}
   (You found it on level 4 of the Dungeon)

   Str:       It affects your strength (+3).
   rF:        It protects you from fire.
   rCorr:     It protects you from acid and corrosion.
 r - a +0 pair of boots (worn)
 t - a +0 pair of gloves (worn)
Jewellery
 s - a +4 ring of protection (left hand)
Wands
 j - a wand of polymorph (9)
 u - a wand of paralysis (10)
Scrolls
 f - a scroll of identify
 o - 3 scrolls of amnesia
Potions
 n - 3 potions of flight


   Skills:
 - Level 4.1 Fighting
 - Level 4.3 Axes
 - Level 1.0 Throwing
 + Level 9.3 Armour
 - Level 3.6 Dodging
 - Level 2.5 Stealth


You had 8 spell levels left.
You didn't know any spells.
Your spell library was empty.

Dungeon Overview and Level Annotations

Branches:
Dungeon (6/15)             Temple (0/1) D:5

Altars:
Nemelex Xobeh
Uskayaw

Shops:
D:4 *

Annotations:
D:5 SirDiesAlot's ghost, amateur MiDe


Message History

You miss the water moccasin. The water moccasin barely misses you.
You hit the water moccasin.
The water moccasin is lightly wounded.
The water moccasin bites you but does no damage. x2
You closely miss the water moccasin.
The water moccasin is lightly wounded.
The water moccasin barely misses you.
You slash the water moccasin!
The water moccasin is moderately wounded.
The water moccasin bites you.
* * * LOW HITPOINT WARNING * * *
You are lethally poisoned!
The water moccasin poisons you!
The water moccasin bites you but does no damage.
Okay, then.
As you read the scroll of teleportation, it crumbles to dust.
You feel strangely unstable.
* * * LOW HITPOINT WARNING * * *
You feel very sick. The water moccasin barely misses you.
Okay, then.
You miss the water moccasin.
The water moccasin is moderately wounded.
* * * LOW HITPOINT WARNING * * *
You feel sick. The water moccasin barely misses you.
The water moccasin bites you but does no damage.
You miss the water moccasin.
The water moccasin is moderately wounded.
* * * LOW HITPOINT WARNING * * *
You feel sick. The water moccasin barely misses you.
You hit the water moccasin.
The water moccasin is moderately wounded.
* * * LOW HITPOINT WARNING * * *
You feel sick.
The water moccasin bites you but does no damage. x2
You slash the water moccasin!
The water moccasin is severely wounded.
Your surroundings suddenly seem different.
You die...
Your body disappears without a glow.

#.... ..... #.... #............
+.... ........ #.... ....... ....
#.... ..... ... #.... #...#
#######.######..##
####+###.>.###....##.##..######
...............................
.........[....@........<.......
...............................
...............................
#########.##..###....####.##...##
..##...##.##..###....####.#######
.<.#......#.....+..........#
...#......#.....#..........#
...#......#.....#..........#
...#......#.....#..........#


There were no monsters in sight!

Vanquished Creatures
  A black bear (D:5)
  A sky beast (D:5)
  3 ogres
  2 scorpions (D:6)
  2 wights (D:6)
  2 howler monkeys (D:5)
  2 centaur zombies
  3 jellies
  2 bullfrog skeletons
  4 hounds
  3 iguanas
  3 adders
  9 gnolls
  An ufetubus (D:6)
  A worm (D:4)
  3 dart slugs
  8 orcs
  5 endoplasms
  A giant cockroach (D:4)
  5 hobgoblins
  5 jackals
  A quokka (D:1)
  2 ball pythons (D:1)
  3 bats (D:1)
  2 frilled lizards (D:1)
  5 goblins
  5 kobolds
84 creatures vanquished.

Vanquished Creatures (collateral kills)
  An ice beast (D:6)
  A howler monkey (D:6)
  A hound (D:6)
3 creatures vanquished.

Vanquished Creatures (others)
  3 plants (D:1)
3 creatures vanquished.

Grand Total: 90 creatures vanquished

Notes
Turn   | Place    | Note
-------+----------+-------------------------------------------
     0 | D:1      | croobank the Human Monk began the quest for the Orb.
     0 | D:1      | Reached XP level 1. HP: 18/18 MP: 1/1
   409 | D:1      | Reached XP level 2. HP: 18/24 MP: 2/2
   709 | D:1      | Reached XP level 3. HP: 18/29 MP: 3/3
   956 | D:1      | Reached skill level 1 in Armour
  1286 | D:1      | Found a faded altar of an unknown god.
  1406 | D:1      | Prayed at the altar of an unknown god.
  1406 | D:1      | Became a worshipper of Nemelex Xobeh the Trickster
  1406 | D:1      | Reached * piety under Nemelex Xobeh
  1406 | D:1      | Received a gift from Nemelex Xobeh
  1406 | D:1      | Received a gift from Nemelex Xobeh
  1406 | D:1      | Reached ** piety under Nemelex Xobeh
  1551 | D:4      | Reached XP level 4. HP: 25/35 MP: 4/4
  1575 | D:4      | Noticed a gnoll sergeant
  1618 | D:4      | Reached skill level 2 in Armour
  1618 | D:4      | Reached XP level 5. HP: 24/41 MP: 5/5
  1630 | D:4      | HP: 2/41 [gnoll sergeant (5)]
  2157 | D:4      | Reached XP level 6. HP: 32/47 MP: 6/6
  2296 | D:4      | Found Piek Kam's General Store.
  2301 | D:4      | Bought a scroll of teleportation for 36 gold pieces
  2417 | D:4      | Reached skill level 1 in Throwing
  2760 | D:4      | Reached *** piety under Nemelex Xobeh
  2990 | D:4      | Identified the +7 plate armour of the Other Side {rF+ rCorr
                  | Str+3}
  3287 | D:5      | Entered Level 5 of the Dungeon
  3294 | D:5      | Reached skill level 3 in Armour
  3323 | D:5      | Noticed a sky beast
  3323 | D:5      | Noticed SirDiesAlot's ghost (amateur MiDe)
  3326 | D:5      | Found a runed translucent gate.
  3326 | D:5      | Found a runed translucent gate.
  3326 | D:5      | Found a runed translucent gate.
  3352 | D:5      | Found a staircase to the Ecumenical Temple.
  3363 | D:5      | Noticed an ogre
  3374 | D:5      | Killed an ogre
  3375 | D:5      | Reached skill level 4 in Armour
  3375 | D:5      | Reached XP level 7. HP: 24/54 MP: 7/7
  4134 | D:5      | Found a hide-covered altar of Uskayaw.
  4220 | D:5      | Reached skill level 5 in Armour
  4771 | D:5      | Reached skill level 6 in Armour
  4771 | D:5      | Reached XP level 8. HP: 56/60 MP: 8/8
  5444 | D:6      | Reached skill level 7 in Armour
  5716 | D:6      | Reached skill level 8 in Armour
  5774 | D:6      | Reached **** piety under Nemelex Xobeh
  5838 | D:6      | Reached XP level 9. HP: 10/58 MP: 9/9
  5847 | D:6      | Reached skill level 9 in Armour
  5884 | D:6      | HP: 3/64 [poisoned by a water moccasin]
  5886 | D:6      | HP: 1/64 [poisoned by a water moccasin]
  5887 | D:6      | Succumbed to a water moccasin's poison

Illustrated notes

Levels and vault maps discovered:
D:1:      ncdulo_smallfort, layout_rooms, chequers_ecumenical_altar_lobes
D:2:      layout_basic, serial_shops, shop, uniq_crazy_yiuf_cottage, uniq_robin,
          uniq_jessica
D:4:      layout_basic, serial_shops, nicolae_shop_statue_plus
D:5:      layout_loops_ring, nicolae_uskayaw_suspiria,
          minmay_temple_entry_ruins, gammafunk_ghost_split,
          nicolae_zen_rock_garden
D:6:      layout_gridville, kennysheep_generic_room_14

Skill      XL: |  1  2  3  4  5  6  7  8  9 |
---------------+----------------------------+-----
Armour         | 1 2 4 6 8 9 |  9.3
Axes           | 4 |  4.3
Fighting       | 4 |  4.1
Throwing       | 1 |  1.0
Dodging        | |  3.6
Stealth        | |  2.5

Action                   |  1- 3 |  4- 6 |  7- 9 || total
-------------------------+-------+-------+-------++-------
Melee: Hand axe          |    98 |    78 |   208 ||   384
       Unarmed           |       |     3 |       ||     3
Throw: Stone             |       |     7 |       ||     7
Invok: Draw Destruction  |     1 |     5 |     4 ||    10
       Draw Escape       |       |     3 |     1 ||     4
       Draw Summoning    |       |       |     3 ||     3
Evoke: Wand              |       |       |     1 ||     1
  Use: Potion            |     1 |     2 |     1 ||     4
       Scroll            |     2 |     4 |     4 ||    10
 Stab: Sleeping          |     2 |       |       ||     2
       Paralysed         |       |       |     4 ||     4
Armor: Leather armour    |    24 |     6 |       ||    30
       Ring mail         |       |     6 |    14 ||    20
       Plate armour      |       |       |   228 ||   228
Dodge: Dodged            |    63 |    52 |   106 ||   221

Table legend: (Time is in decaauts)
 A = Elapsed time spent in this place.
 B = Non-inter-level travel time spent in this place.
 C = Inter-level travel time spent in this place.
 D = Time resting spent in this place.
 E = Time spent auto-exploring this place.
 F = Levels seen in this place.
 G = Mean time per level.
                   A        B        C        D        E       F      G
               +--------+--------+--------+--------+--------+-----+--------+
         Total |   5921 |   5821 |    100 |   2082 |   2474 |   5 | 1184.2 |
       Dungeon |   5921 |   5821 |    100 |   2082 |   2474 |   5 | 1184.2 |
               +--------+--------+--------+--------+--------+-----+--------+

Top non-repeatable levels by time:
     D:5: 2082 daAuts
     D:4: 1765 daAuts
     D:1: 1522 daAuts
     D:6: 535 daAuts
     D:2: 14 daAuts
